 Dungeon Crawl Stone Soup version 0.13-a0-2133-ge955d09 (webtiles) character file.

799 Grabo the Insei (level 7, -8/52 HPs)
             Began as a Red Draconian Transmuter on June 28, 2013.
             Mangled by an ice beast (11 damage)
             ... on Level 5 of the Dungeon.
             The game lasted 00:11:28 (4753 turns).

Grabo the Insei (Red Draconian Transmuter)          Turns: 4753, Time: 00:11:28

HP  -8/52        AC  7     Str 12      XL: 7   Next:  7%
MP  19/19        EV 12     Int 13      God:
Gold 248         SH  0     Dex 14      Spells:  2 memorised,  6 levels left

Res.Fire  : + . .   See Invis. : .     - Unarmed
Res.Cold  : . . .   Warding    : .   (armour unavailable)
Life Prot.: . . .   Conserve   : .   (no shield)
Res.Poison: .       Res.Corr.  : .   (helmet restricted)
Res.Elec. : .       Clarity    : .   e - +0 cloak
Sust.Abil.: . .     Spirit.Shd : .   (no gloves)
Res.Mut.  : .       Stasis     : .   (no boots)
Res.Rott. : .       Flight     : .   (no amulet)
Saprovore : . . .                    x - ring of wizardry
                                     s - ring of magical power

@: appendage, slightly resistant to hostile enchantments, unstealthy
A: breathe fire, unfitting armour, horns 2, fire resistance 1, AC +6
a: Breathe Fire, End Transformation


You were on level 5 of the Dungeon.
You were not hungry.
You had grown temporary horns.
You visited 1 branch of the dungeon, and saw 5 of its levels.

You collected 228 gold pieces.

Inventory:

Missiles
 b - 12 arrows
 c - 9 stones (quivered)
Armour
 e - a +0 cloak (worn)
Magical devices
 m - a wand of slowing (17)
Comestibles
 a - 4 bread rations
 k - a sausage
 n - a rotting chunk of human flesh
 o - a chunk of adder flesh
 t - 2 meat rations
Scrolls
 h - a scroll of blinking
 j - 3 scrolls of remove curse
 l - a scroll of curse weapon {unknown}
 p - 7 scrolls of enchant weapon I
 r - 2 scrolls of magic mapping
 u - 2 scrolls of teleportation
Jewellery
 s - a ring of magical power (left hand)
 x - a ring of wizardry (right hand)
Potions
 f - a potion of mutation
 g - 2 potions of curing
 i - a potion of resistance
 q - 2 potions of restore abilities
 v - a potion of heal wounds
Books
 d - a book of Changes

   Spells                             Type                      Level
   *Beastly Appendage                 Transmutation                1
   Sticks to Snakes                   Transmutation                2
   *Spider Form                       Transmutation/Poison         3
   Ice Form                           Ice/Transmutation            4
   Blade Hands                        Transmutation                5


   Skills:
 - Level 1.1 Fighting
 - Level 1.7 Dodging
 + Level 6.0 Unarmed Combat
 - Level 2.0 Spellcasting
 + Level 5.6 Transmutations


You had 6 spell levels left.
You knew the following spells:

 Your Spells              Type           Power        Failure   Level  Hunger
a - Beastly Appendage     Trmt           ###...       1%          1    ##.....
b - Spider Form           Trmt/Pois      #.........   11%         3    ####...


Dungeon Overview and Level Annotations

Branches:
Dungeon (5/27)
 Temple: D:4-7

Altars:
Ashenzari


Innate Abilities, Weirdness & Mutations

You can breathe blasts of fire.*
Your fiery red scales are hard (AC +6).*
Your body does not fit into most forms of armour.
Your cold-blooded metabolism reacts poorly to cold.
Your flesh is heat resistant.*
You have a pair of horns on your head.*


Message History

The ice beast misses you.
You closely miss the ice beast. Your headbutt misses the ice beast.
Your tail-slap misses the ice beast.
The ice beast is moderately wounded.
The ice beast hits you but does no damage.
You completely miss the ice beast.
The ice beast is moderately wounded.
The ice beast hits you but does no damage.
You hit the ice beast but do no damage.
The ice beast is moderately wounded.
You closely miss the ice beast.
The ice beast is moderately wounded.
The ice beast hits you. The ice beast freezes you!
* * * LOW HITPOINT WARNING * * *
You hit the ice beast.
Your tail-slap misses the ice beast.
The ice beast is heavily wounded.
The ice beast hits you.
* * * LOW HITPOINT WARNING * * *
The ice beast freezes you!
You die...

..... .##.###..# ..##.
#.#.#....# ..##.
#.#.#)##.# ..##.##
##.#.(..#.# ..#
#.###.%...#...#
..###....###(...###
......#### #(#.## .####.#
#...$######### .# #.#
#...#.#.@I.......
.###...##.##....#########
.....#... ######
####...## ## ##


You could see an ice beast.

Vanquished Creatures
  Eustachio (D:5)
  A centaur (D:5)
  An ogre skeleton (D:4)
  A hound (D:4)
  2 worker ants (D:4)
  Terence (D:2)
  3 gnolls (D:5)
  A green rat (D:5)
  8 adders
  An inept feature mimic (D:2)
  A worm (D:3)
  4 giant geckos
  An ooze (D:1)
  6 orcs
  2 ball pythons
  6 giant cockroaches
  8 hobgoblins
  2 jackals (D:5)
  15 kobolds
  2 quokkas
  13 bats
  8 giant newts
  6 goblins
  5 rats
99 creatures vanquished.

Notes
Turn   | Place    | Note
--------------------------------------------------------------
     0 | D:1      | Grabo, the Draconian Transmuter, began the quest for the Orb.
     0 | D:1      | Reached XP level 1. HP: 16/16 MP: 1/1
   282 | D:1      | Reached XP level 2. HP: 18/23 MP: 3/3
  1127 | D:2      | Reached XP level 3. HP: 20/28 MP: 2/4
  1407 | D:2      | Noticed Terence
  1416 | D:2      | Learned a level 3 spell: Spider Form
  1460 | D:2      | Killed Terence
  1460 | D:2      | Reached skill level 4 in Unarmed Combat
  1526 | D:2      | Reached XP level 4. HP: 17/35 MP: 6/6
  3144 | D:4      | Found a shattered altar of Ashenzari.
  3246 | D:4      | Reached XP level 5. HP: 8/40 MP: 7/7
  4023 | D:4      | Reached skill level 5 in Unarmed Combat
  4122 | D:4      | Reached XP level 6. HP: 41/47 MP: 9/9
  4205 | D:5      | Entered Level 5 of the Dungeon
  4477 | D:5      | Noticed Eustachio
  4491 | D:5      | Killed Eustachio
  4491 | D:5      | Reached skill level 5 in Transmutations
  4726 | D:5      | Reached skill level 6 in Unarmed Combat
  4726 | D:5      | Your scales start taking on a fiery red colour.
  4726 | D:5      | Gained mutation: Your flesh is heat resistant. [draconian maturity]
  4726 | D:5      | Reached XP level 7. HP: 35/52 MP: 10/10
  4753 | D:5      | Mangled by an ice beast

Action                   |  1- 3 |  4- 6 |  7- 9 || total
-------------------------+-------+-------+-------++-------
Melee: Unarmed           |   212 |   256 |    17 ||   485
Throw: Stone             |     7 |    13 |       ||    20
 Cast: Beastly Appendage |     4 |     7 |     1 ||    12
       Spider Form       |     1 |     2 |       ||     3
  Use: Scroll            |       |    17 |       ||    17
       Potion            |       |       |     1 ||     1
 Stab: Sleeping          |       |     1 |       ||     1
